cohdb
Replays
Latest Replays
All Replays
Popular Replays
Top Player Replays
Match Explorer
How It Works
Community
CoH3 Stats
Reddit
Sign in to upload your games and track your stats! →
Sign in with Steam
Match 41145927
Unlisted
Match 41145927
Overview
Messages
Build Orders
End
Vickers Machine Gun Team
Construct Section Command Post
Dingo Light Scout Car
Infantry Section
Infantry Section
Construct Platoon Command Post
Infantry Section
Humber Armored Car
6-pounder Anti-tank Gun Team
CMP 15cwt Truck
Grenade Package
Selects Indian Artillery Battlegroup
Selects War Cry
Selects Gurkha Rifles Section
Construct Company Command Post
Crusader II Medium Tank
Foot Guards Section
Selects Volunteer Infantry
Selects Artillery Saturation
Matilda II Heavy Tank
Royal Engineer Section
Unlock M3 Grant Medium Tanks
M3 Grant Medium Tank
Selects Off-map Airburst Barrage
Selects Perimeter Monitor
Perimeter Monitor
Mo-J
Wheeler
UA - ♠ $imA ♠
Fallschirmjäger
0
0
Comments
sign in to comment!
No comments posted yet!